 Dungeon Crawl Stone Soup version 0.22-a0-284-g99d1f74 (webtiles) character file.

98 Firecrotchwizard the Insei (level 4, -1/34 HPs)
             Began as a Gnoll Transmuter on Mar 21, 2018.
             Slain by a gnoll
             ... wielding a +0 spear
              (8 damage)
             ... on level 2 of the Dungeon.
             The game lasted 00:07:08 (2057 turns).

Firecrotchwizard the Insei (Gnoll Transmuter)       Turns: 2057, Time: 00:07:09

Health: -1/34      AC:  2    Str: 12    XL:     4   Next: 71%
Magic:  7/11       EV: 15    Int: 16    God:
Gold:   136        SH:  0    Dex: 16    Spells: 7/13 levels left

rFire    . . .     SeeInvis .     - Unarmed
rCold    . . .     Gourm    .   (no shield)
rNeg     . . .     Faith    .   b - +0 robe
rPois    .         Spirit   .   (no helmet)
rElec    .         Reflect  .   (no cloak)
rCorr    .         Harm     .   (no gloves)
MR       .....                  (no boots)
Stlth    +++.......             (no amulet)
HPRegen  0.11/turn              m - ring of stealth {Stlth+}
MPRegen  0.12/turn              (no ring)

@: appendage
A: distributed training, fangs 1, horns 2, strong nose
a: End Transformation


You were on level 2 of the Dungeon.
You were not hungry.
You had grown temporary horns.
You visited 1 branch of the dungeon, and saw 2 of its levels.

You collected 136 gold pieces.

Inventory:

Hand Weapons
 i - a +2 dagger of distortion
   (You found it on level 1 of the Dungeon)
Missiles
 a - 9 arrows
Armour
 b - a +0 robe (worn)
Jewellery
 m - a ring of stealth (left hand) {Stlth+}
   (You found it on level 2 of the Dungeon)
 n - an uncursed amulet of faith {Faith, !P}
   (You found it on level 2 of the Dungeon)
Wands
 o - a wand of iceblast (9)
   (You found it on level 2 of the Dungeon)
Scrolls
 f - 3 scrolls of identify
 g - a scroll of random uselessness {unknown}
 h - a scroll of immolation {unknown}
 j - a scroll of fog {unknown}
 k - 2 scrolls of enchant weapon {unknown}
Potions
 c - a potion of flight {unknown}
 e - a potion of lignification {unknown}
Comestibles
 d - 3 rations {@e1}
 l - 4 chunks of flesh {@w0}


   Skills:
 + Level 2.8 Fighting
 + Level 1.2 Short Blades
 + Level 1.2 Long Blades
 + Level 1.2 Axes
 + Level 1.2 Maces & Flails
 + Level 1.2 Polearms
 + Level 1.2 Staves
 + Level 1.2 Slings
 + Level 1.2 Bows
 + Level 1.2 Crossbows
 + Level 1.2 Throwing
 + Level 1.2 Armour
 + Level 4.6 Dodging
 + Level 1.2 Stealth
 + Level 1.2 Shields
 + Level 6.6 Unarmed Combat
 + Level 5.1 Spellcasting
 + Level 1.0 Conjurations
 + Level 1.0 Hexes
 + Level 1.0 Charms
 + Level 1.0 Summonings
 + Level 1.0 Necromancy
 + Level 1.0 Translocations
 + Level 3.8 Transmutations
 + Level 1.0 Fire Magic
 + Level 1.0 Ice Magic
 + Level 1.0 Air Magic
 + Level 1.0 Earth Magic
 + Level 1.0 Poison Magic
 + Level 1.3 Invocations
 + Level 1.2 Evocations


You had 7 spell levels left.
You knew the following spells:

 Your Spells              Type           Power        Failure   Level  Hunger
a - Beastly Appendage     Tmut           ###...       3%          1    None
c - Spider Form           Tmut/Pois      ##........   17%         3    ###....
s - Sticks to Snakes      Tmut           ###.....     4%          2    #......


Dungeon Overview and Level Annotations

Branches:
Dungeon (2/15)

Altars:
Wu Jian

Annotations:
D:2 exclusion: adder


Innate Abilities, Weirdness & Mutations

Your experience applies equally to all skills.
You have very sharp teeth.
Your uncanny sense of smell can sniff out nearby items.
You have a pair of horns on your head.


Message History

You take 5 damage, and have 28/34 hp.
You punch the goblin!
You kill the goblin!
No target in view!
Things that are here:
a hunting sling; 27 stones; a goblin corpse; MP restored: 11 You butcher the goblin corpse.
l - 3 chunks of flesh {@w0} (gained 2)
Things that are here:
a hunting sling; 27 stones; a goblin skeleton
Things that are here:
a hunting sling; 27 stones; a goblin skeleton
l - 6 chunks of flesh {@w0} (gained 3)
Things that are here:
2 stones; a club Your transformation is almost over.
Some of the chunks of flesh in your inventory have rotted away.
Your talons disappear.
A bat comes into view.
You regained 2 hp, and now have 31/34 hp.
Your feet morph into talons.
You now have 10/11 mp.
The bat barely misses you.
You hit the bat but do no damage. You bite the bat. The bat misses you.
The bat hits you. The bat barely misses you.
You see here a scroll labeled LUX UREARI.
You take 1 damage, and have 30/34 hp.
You punch the bat!
You kill the bat!
k - 2 scrolls labeled LUX UREARI (gained 1)
o - a wand of iceblast (9)
Found a stone staircase leading down.
MP restored: 11 Eating one of 5 chunks of flesh {@w0}.
You eat one of the 5 chunks of flesh {@w0}.
Your transformation is almost over.
A gnoll comes into view. It is wielding a spear.
The gnoll shouts!
A gnoll comes into view.
There is a stone staircase leading down here.
A gnoll comes into view. It is wielding a flail.
Aim: a gnoll, wielding a flail (hasn't noticed you) Out of range.
Okay, then.
The gnoll shouts!
The gnoll moves out of view.
There is a stone staircase leading down here.
Your talons disappear.
Health restored: 34
Okay, then.
You create a snake!
You now have 10 arrows.
You now have 9/11 mp.
Casting: Sticks to Snakes (safe; 4% risk of failure)
You create a snake!
You now have 9 arrows.
You now have 7/11 mp.
Casting: Sticks to Snakes (safe; 4% risk of failure)
You grow a pair of large bovine horns.
The gnoll hits your ball python with a spear.
Your ball python dies!
You now have 6/11 mp.
The gnoll hits you from afar with a spear.
You take 4 damage, and have 30/34 hp.
Your adder barely misses the gnoll.
The gnoll barely misses you. The gnoll hits you with a spear.
You take 2 damage, and have 28/34 hp.
You hit the gnoll but do no damage. Your bite misses the gnoll.
Your adder bites the gnoll but does no damage.
The gnoll closely misses you.
Your adder bites the gnoll.
The gnoll barely misses you.
You closely miss the gnoll.
Your adder bites the gnoll but does no damage.
The gnoll closely misses you. The gnoll hits you with a spear!
You take 7 damage, and have 21/34 hp.
MASSIVE DAMAGE!!
You hit the gnoll. Your headbutt misses the gnoll.
Your adder bites the gnoll but does no damage.
You hit the gnoll. The gnoll hits you with a spear!
Your adder barely misses the gnoll.
The gnoll misses you.
You take 10 damage, and have 11/34 hp.
MASSIVE DAMAGE!!
You punch the gnoll!
You kill the gnoll!
Your Conjurations skill increases to level 1!
Your Hexes skill increases to level 1!
Your Charms skill increases to level 1!
Your Summonings skill increases to level 1!
Your Necromancy skill increases to level 1!
Your Translocations skill increases to level 1!
Your Fire Magic skill increases to level 1!
Your Ice Magic skill increases to level 1!
Your Air Magic skill increases to level 1!
Your Earth Magic skill increases to level 1!
Your Poison Magic skill increases to level 1!
The gnoll misses you.
You barely miss the gnoll. Your headbutt misses the gnoll.
Your adder closely misses the gnoll.
The gnoll hits you with a spear.
* * * LOW HITPOINT WARNING * * *
You take 4 damage, and have 7/34 hp.
You barely miss the gnoll. You headbutt the gnoll.
Your adder bites the gnoll.
The gnoll hits you with a spear!
You die...

# #.# #.......# # #.#
##.####.# # ####.# #......#
.. # ##.##.#####.###..# .# #
#.#((.........#..## .# #
##)##....)#.#.#...####.#
######.##..................#
........#....(..#S#...###..#
######..#.......@g...####..#
#..#8.....8#..........#
#..#.......####.####.##
#..#8((...8# #.# #.######
#..#.......# #.# #......#
##.#8.....8# #.# ######g#
#######.#.......# #.# #.#
#.......#8.....8# #.# #.#
#.#######.......# #.# #.#


You could see a gnoll and a friendly adder.

Vanquished Creatures
  A gnoll (D:2)
  3 adders (D:2)
  An ooze (D:2)
  A worm (D:2)
  2 leopard geckos (D:1)
  A ball python (D:1)
  4 bats
  6 giant cockroaches
  10 goblins
  5 hobgoblins
  5 frilled lizards
  8 kobolds
  4 rats
51 creatures vanquished.

Notes
Turn   | Place    | Note
-------+----------+-------------------------------------------
     0 | D:1      | Firecrotchwizard the Gnoll Transmuter began the quest for the Orb.
     0 | D:1      | Reached XP level 1. HP: 17/17 MP: 6/6
     2 | D:1      | Noticed a vampire
     2 | D:1      | Noticed a halfling
     4 | D:1      | Noticed a vine stalker
     6 | D:1      | Noticed a spriggan
     6 | D:1      | Noticed a centaur
     8 | D:1      | Noticed a human
    10 | D:1      | Noticed an ogre
    10 | D:1      | Noticed an octopode
    12 | D:1      | Noticed a draconian
    12 | D:1      | Noticed an elf
    14 | D:1      | Noticed a demonspawn
    14 | D:1      | Noticed a dwarf
    16 | D:1      | Noticed a troll
    18 | D:1      | Noticed a tengu
    18 | D:1      | Noticed a naga
    20 | D:1      | Noticed a ghoul
    20 | D:1      | Noticed a felid
    22 | D:1      | Noticed a gargoyle
    22 | D:1      | Noticed a demigod
    24 | D:1      | Noticed a merfolk
    26 | D:1      | Noticed a minotaur
    26 | D:1      | Noticed a formicid
   265 | D:1      | Reached XP level 2. HP: 17/23 MP: 5/7
   649 | D:1      | Reached XP level 3. HP: 28/28 MP: 9/9
   795 | D:1      | Learned a level 2 spell: Sticks to Snakes
   799 | D:1      | Learned a level 3 spell: Spider Form
   966 | D:2      | Reached skill level 5 in Spellcasting
  1081 | D:2      | Reached skill level 1 in Invocations
  1316 | D:2      | Found an ornate altar of the Wu Jian Council.
  1475 | D:2      | Reached skill level 1 in Short Blades
  1475 | D:2      | Reached skill level 1 in Long Blades
  1475 | D:2      | Reached skill level 1 in Axes
  1475 | D:2      | Reached skill level 1 in Maces & Flails
  1475 | D:2      | Reached skill level 1 in Polearms
  1475 | D:2      | Reached skill level 1 in Staves
  1475 | D:2      | Reached skill level 1 in Slings
  1475 | D:2      | Reached skill level 1 in Bows
  1475 | D:2      | Reached skill level 1 in Crossbows
  1475 | D:2      | Reached skill level 1 in Throwing
  1475 | D:2      | Reached skill level 1 in Armour
  1475 | D:2      | Reached skill level 1 in Stealth
  1475 | D:2      | Reached skill level 1 in Shields
  1475 | D:2      | Reached skill level 1 in Evocations
  1552 | D:2      | Reached XP level 4. HP: 31/34 MP: 9/11
  2055 | D:2      | Reached skill level 1 in Conjurations
  2055 | D:2      | Reached skill level 1 in Hexes
  2055 | D:2      | Reached skill level 1 in Charms
  2055 | D:2      | Reached skill level 1 in Summonings
  2055 | D:2      | Reached skill level 1 in Necromancy
  2055 | D:2      | Reached skill level 1 in Translocations
  2055 | D:2      | Reached skill level 1 in Fire Magic
  2055 | D:2      | Reached skill level 1 in Ice Magic
  2055 | D:2      | Reached skill level 1 in Air Magic
  2055 | D:2      | Reached skill level 1 in Earth Magic
  2055 | D:2      | Reached skill level 1 in Poison Magic
  2056 | D:2      | HP: 7/34 [gnoll/spear (5)]
  2057 | D:2      | Slain by a gnoll

Vault maps used:
D:1:      kb_arrival_jail, serial_corexii_hall, corexii_hall_statues_deadend,
          corexii_hall_statues_t
D:2:      kennysheep_the_goblin_king, nicolae_overflow_hidden_temple,
          lemuel_crystal_altar, uniq_robin

Skill      XL: |  1  2  3  4 |
---------------+-------------+-----
Spellcasting   | 5 |  5.1
Invocations    | 1 |  1.3
Short Blades   | 1 |  1.2
Long Blades    | 1 |  1.2
Axes           | 1 |  1.2
Maces & Flails | 1 |  1.2
Polearms       | 1 |  1.2
Staves         | 1 |  1.2
Slings         | 1 |  1.2
Bows           | 1 |  1.2
Crossbows      | 1 |  1.2
Throwing       | 1 |  1.2
Armour         | 1 |  1.2
Stealth        | 1 |  1.2
Shields        | 1 |  1.2
Evocations     | 1 |  1.2
Conjurations   | 1 |  1.0
Hexes          | 1 |  1.0
Charms         | 1 |  1.0
Summonings     | 1 |  1.0
Necromancy     | 1 |  1.0
Translocations | 1 |  1.0
Fire Magic     | 1 |  1.0
Ice Magic      | 1 |  1.0
Air Magic      | 1 |  1.0
Earth Magic    | 1 |  1.0
Poison Magic   | 1 |  1.0
Fighting       | |  2.8
Dodging        | |  4.6
Unarmed Combat | |  6.6
Transmutations | |  3.8

Action                   |  1- 3 |  4- 6 || total
-------------------------+-------+-------++-------
Melee: Unarmed           |   103 |    27 ||   130
       Kick              |    13 |     1 ||    14
       Bite              |     9 |     4 ||    13
       Punch             |     4 |     1 ||     5
       Headbutt          |     1 |     2 ||     3
 Cast: Beastly Appendage |    13 |     8 ||    21
       Sticks to Snakes  |     1 |     2 ||     3
  Use: Scroll            |     1 |       ||     1
 Stab: Sleeping          |     4 |     1 ||     5
  Eat: Chunk             |     2 |     2 ||     4
Armor: Robe              |     9 |       ||     9
Dodge: Dodged            |    67 |    22 ||    89

Table legend:
 A = Spawn XP
 B = Non-spawn XP
 C = Spawn XP percentage of total XP
 D = Spawn monster count
 E = Non-spawn monster count
 F = Spawn count percentage of total count
 G = Total turns spent on level
                    A         B        C        D         E        F      G
               +---------+---------+-------+---------+---------+-------+---------
         Total |       0 |     141 |   0.0 |       0 |      51 |   0.0 |  2057
               +---------+---------+-------+---------+---------+-------+---------
           D:1 |       0 |      39 |   0.0 |       0 |      23 |   0.0 |  1028
           D:2 |       0 |     102 |   0.0 |       0 |      28 |   0.0 |  1029
               +---------+---------+-------+---------+---------+-------+---------

Vault maps used:
D:1:      kb_arrival_jail, serial_corexii_hall, corexii_hall_statues_deadend,
          corexii_hall_statues_t
D:2:      kennysheep_the_goblin_king, nicolae_overflow_hidden_temple,
          lemuel_crystal_altar, uniq_robin

Table legend:
 A = Turns spent in this place as a percentage of turns spent in the entire game.
 B = Non-inter-level travel turns spent in this place as a percentage of non-inter-level travel turns spent in the entire game.
 C = Inter-level travel turns spent in this place as a percentage of turns spent in this place.
 D = Turns resting spent in this place as a percentage of non-inter-level travel turns spent in this place.
 E = Turns spent auto-exploring this place as a percentage of non-inter-level travel turns spent in this place.
 F = Non-inter-level travel turns spent in this place divided by the number of levels of this place that you've seen.
                   A       B       C       D       E      F
               +-------+-------+-------+-------+-------+----------------------
         Total | 100.0 | 100.0 |   6.4 |  30.2 |  44.3 | 963.0
       Dungeon | 100.0 | 100.0 |   6.4 |  30.2 |  44.3 | 963.0
               +-------+-------+-------+-------+-------+----------------------

Table legend:
 A = Kills in this place as a percentage of kills in entire the game.
 B = Kills by you in this place as a percentage of kills by you in the entire game.
 C = Kills by friends in this place as a percentage of kills by friends in the entire game.
 D = Other kills in this place as a percentage of other kills in the entire game.
 E = Experience gained in this place as a percentage of experience gained in the entire game.
 F = Experience gained in this place divided by the number of levels of this place that you have seen.
                   A       B       C       D       E      F
               +-------+-------+-------+-------+-------+----------------------
         Total | 100.0 | 100.0 |   N/A |   N/A | 100.0 |  70.5
       Dungeon | 100.0 | 100.0 |   N/A |   N/A | 100.0 |  70.5
               +-------+-------+-------+-------+-------+----------------------
